[Event "*** Titled Tuesday Blitz"]
[Site "Chess.com"]
[Date "2019.02.05"]
[Round "9"]
[White "Indianlad"]
[Black "robbykevlishvili"]
[Result "0-1"]
[WhiteElo "2909"]
[BlackElo "2775"]
[TimeControl "180+2"]
[EndTime "15:15:37 PST"]
[Termination "robbykevlishvili won by resignation"]

1. e4 c5 2. Nc3 d6 3. Nge2 Nf6 4. h3 g6 5. d4 cxd4 6. Nxd4 Bg7 7. g4 Nc6 8. Be3 h5 9. g5 Nd7 10. Nb3 O-O 11.
f4 a5 12. a4 Nb4 13. Bg2 Nb6 14. O-O Nc4 15. Bc1 Qb6+ 16. Kh1 Ne3 17. Bxe3 Qxe3 18.
Rf3 Qb6 19. f5 Be5 20. Nd2 Qc7 21. Rc1 Bd7 22. Qe2 Rac8 23. Nf1 Qc4 24. Qe1 Na2 25. Ne3 Bxc3 26. bxc3 Qxc3 27. Nd5 Qe5 28. Rb1 Nb4 29. fxg6 fxg6 30. Rxf8+ Kxf8 31. Nxb4 axb4 32. Qf2+ Kg7 33.
Rxb4 Qxg5 34. Rxb7 Bxa4 35. Qd4+ Kh6 36. Qxa4 Qc1+ 37.
Kh2 Qf4+ 38. Kh1 Qc1+ 39. Kh2 Rxc2 40. e5 Rc4 41. Qb3 Qf4+ 42. Qg3 dxe5 43. Rxe7 Rc3 44. Qxf4+ exf4 45. h4 Rg3 46. Bh3 Re3 47. Rf7 f3 48. Bf1 Re4 49. Kg3 Re3 50. Bc4 Rc3 51. Bd5 f2+ 52.
Kxf2 Rh3 53. Be4 Rxh4 54. Kf3 Rh3+ 55. Kg2 Re3 56. Bf3 Re6 57. Ra7 Rf6 58. Kg3 Re6 59.
Ra5 Rf6 60. Re5 Rd6 61. Be4 Rf6 62. Re7 Kg5 63. Re5+ Kh6 64. Kh3 Rd6 65. Kg2 Rf6 66. Kg3 Rd6 67. Kf4 Rf6+ 68. Ke3 Rd6 69. Bd5 Rb6 70.
Be6 Kg7 71. Re4 Kf6 72. Bd7 Rd6 73. Bh3 Rb6 74. Ra4 Rb3+ 75. Kf4 Rxh3 76. Ra6+ Kg7 77. Ra7+ Kh6 78. Ra8 Rh4+ 79. Ke5 Kg5 80. Ra1 Rg4 81. Rh1 h4 0-1

[Event "*** Titled Tuesday Blitz"]
[Site "Chess.com"]
[Date "2019.02.05"]
[Round "9"]
[White "WPWPWP-2015"]
[Black "Alekseyviktorovich"]
[Result "0-1"]
[WhiteElo "2335"]
[BlackElo "2362"]
[TimeControl "180+2"]
[EndTime "15:15:49 PST"]
[Termination "Alekseyviktorovich won by checkmate"]

1. e4 c6 2. Nc3 d5 3. Nf3 Bg4 4. h3 Bxf3 5. Qxf3 Nf6 6. d4 dxe4 7. Qe3 Nbd7 8. Nxe4 Nxe4 9. Qxe4 Nf6 10. Qh4 e6 11.
Bg5 Be7 12. O-O-O h6 13. Bd2 Qd5 14. c4 Qf5 15. Qf4 Qxf4 16. Bxf4 Ne4 17. Be3 Bg5 18. f4 Bh4 19. Bd3 Nf2 20. Bxf2 Bxf2 21. f5 O-O-O 22.
fxe6 fxe6 23. d5 exd5 24. Bf5+ Kc7 25. cxd5 Rxd5 26. Rxd5 cxd5 27. Kc2 Rf8 28. Bg4 Bc5 29. Bf3 d4 30. Kd3 Re8 31. Rc1 Kd6 32. a3 Re3+ 33. Kc4 b5+ 34. Kxb5 Rb3+ 35. Kc4 Rxb2 36. Be4 Re2 37.
Bf3 Ra2 38. Kb5 Bb6 39. a4 Rb2+ 40. Kc4 Bc5 41. Kd3 Rb3+ 42. Ke4 Rb4 43. Rd1 Rxa4 44. Kf5 Ra3 45. Kg6 a5 46. Kxg7 a4 47. Kxh6 Ra2 48. Kg6 a3 49. h4 Rb2 50. h5 a2 51. Be4 Ke5 52. Bd3 Rxg2+ 53. Kf7 Rh2 54. Kg6 Bb4 55. h6 Bc3 56. h7 a1=Q 57. Rxa1 Bxa1 58. Be2 Kf4 59. Bd3 Ke3 60. Bf5 d3 61. Bg4 d2 62.
Kf5 Rh1 63. Kg6 d1=Q 64. Bxd1 Rxd1 65. Kf7 Rd6 66. Kg8 Rd8+ 67. Kf7 Rh8 68. Kg6 Kf4 69.
Kh6 Kf5 70. Kh5 Rxh7# 0-1

[Event "*** Titled Tuesday Blitz"]
[Site "Chess.com"]
[Date "2019.02.05"]
[Round "9"]
[White "Korchmar_Vasiliy"]
[Black "iturrizaga"]
[Result "0-1"]
[WhiteElo "2762"]
[BlackElo "2838"]
[TimeControl "180+2"]
[EndTime "15:15:52 PST"]
[Termination "iturrizaga won by resignation"]

1. d4 Nf6 2. c4 e6 3. g3 c5 4.
d5 exd5 5. cxd5 d6 6. Nc3 g6 7. Bg2 Bg7 8. Nf3 O-O 9. O-O Re8 10.
Bf4 Bf5 11. Nh4 Bg4 12. Qd2 Nh5 13. Bg5 Qd7 14. f3 Bh3 15. e4 Bxg2 16. Kxg2 Na6 17. g4 Nf6 18. Qf4 Qd8 19. Nb5 Re5 20. Rad1 Nb4 21.
a3 a6 22. axb4 axb5 23. bxc5 Rc8 24. cxd6 Qxd6 25. Rc1 Rce8 26. Qg3 Nxd5 27. exd5 Qxd5 28. Bf4 Re2+ 29. Kh1 g5 30. Ng2 h6 31. Rcd1 Qc4 32. Bc1 Qc2 33. Rde1 R8e6 34. Rxe2 Rxe2 35. Re1 Rf2 36.
Rg1 Qe2 37. Be3 Rxf3 38. Qb8+ Kh7 39. Bb6 Rh3 40. Bc7 Qxg4 41. Bg3 h5 42. Qc7 h4 43.
Be5 Bxe5 44. Qxe5 Qg3 45. Qf5+ Kg8 46. Qc8+ Kg7 47. Qc3+ Qxc3 48. bxc3 f6 49. Rc1 Rd3 50. Ne1 Re3 51. Kg2 g4 52. Kf2 Rh3 53. Ng2 Rxh2 54. Kg1 Rh3 55. Nf4 Rg3+ 56. Kh2 Rf3 57. Ne6+ Kf7 58. Nd4 Re3 59. Nxb5 Re2+ 60. Kg1 g3 61. Nd4 Rf2 62. Rb1 h3 63. Rxb7+ Kg6 64. Rb1 f5 65. c4 f4 66. c5 f3 67. c6 Rg2+ 68. Kh1 Rh2+ 69. Kg1 f2+ 70. Kf1 Rh1+ 71. Ke2 Rxb1 0-1

[Event "*** Titled Tuesday Blitz"]
[Site "Chess.com"]
[Date "2019.02.05"]
[Round "9"]
[White "1e41-0"]
[Black "arctic_t00"]
[Result "0-1"]
[WhiteElo "2517"]
[BlackElo "2383"]
[TimeControl "180+2"]
[EndTime "15:16:01 PST"]
[Termination "arctic_t00 won by resignation"]

1. e4 e6 2. d3 c5 3. Nf3 Nc6 4.
g3 Nf6 5. Bg2 d6 6. O-O Be7 7.
c3 O-O 8. Re1 Bd7 9. a3 Rc8 10. b4 e5 11. Bb2 b5 12. Nbd2 a5 13. bxc5 dxc5 14. a4 b4 15. Nc4 Bg4 16. h3 Bxf3 17. Qxf3 Nd7 18. Qh5 g6 19. Qe2 Nb6 20. Ne3 bxc3 21. Bxc3 Nd4 22. Qa2 Ra8 23. Rab1 Ra6 24. h4 Qd7 25. h5 Kg7 26. Ra1 Bg5 27. Kh2 Qe6 28. Bxd4 cxd4 29. Qxe6 fxe6 30. h6+ Bxh6 31.
Ng4 Nd7 32. Reb1 Nc5 33. Bf1 Bd2 34. Kg2 Bc3 35. Ra2 Nd7 36. Rb5 Rb8 37. Nxe5 Rxb5 38. axb5 Ra7 39. Nc6 Ra8 40. Ra4 Nb6 41. Ra2 a4 42.
Be2 a3 43. Bd1 Bb2 44. Bb3 Kf6 45. f4 h5 46. Kf3 Nd7 47. e5+ Kf7 48. Bc4 Nb6 49. Bb3 Rh8 50. Ke4 Nd7 51. Bc4 Nc5+ 52. Kf3 Na4 53. Nxd4 Bxd4 54. Rxa3 Nc3 55. Ra6 Rb8 56.
Rxe6 Kg7 57. Rd6 Bc5 58. Rd7+ Kh6 59. d4 Ba3 60. d5 Rc8 61. Bd3 Na4 62. d6 Rc3 63.
Ke2 Rxd3 64. Kxd3 Nc5+ 65. Kc4 Nxd7 66. e6 Nb6+ 67. Kd4 Bxd6 68. Ke4 Kg7 69. f5 g5 70. Kd4 Kf6 71. Ke4 g4 72. Ke3 Kxf5 73.
Kd4 Kxe6 74. Ke4 Bxg3 0-1

[Event "*** Titled Tuesday Blitz"]
[Site "Chess.com"]
[Date "2019.02.05"]
[Round "9"]
[White "Feegus"]
[Black "Agent-JL"]
[Result "0-1"]
[WhiteElo "2373"]
[BlackElo "2260"]
[TimeControl "180+2"]
[EndTime "15:16:13 PST"]
[Termination "Agent-JL won by resignation"]

1. d4 Nf6 2. Bf4 e6 3. e3 c5 4. c3 b6 5. Nd2 Bb7 6. Ngf3 d6 7. Bd3 cxd4 8. exd4 Be7 9. O-O O-O 10. h3 Re8 11.
Bh2 Nbd7 12. Re1 Nf8 13. a4 a6 14. Qb3 Ng6 15. Nc4 Nd5 16. Qa3 Ngf4 17. Bf1 b5 18. Ne3 Nxe3 19. Rxe3 Nd5 20. Ree1 Qb6 21. Nd2 Rec8 22. a5 Qd8 23. Ne4 Rc6 24. g4 Rac8 25. Bg2 b4 26. cxb4 Rc4 27. b5 Nb4 28.
Nf6+ gxf6 29. Bxb7 Nc2 30. Qd3 Nxe1 31. Rxe1 Qxa5 32.
Re3 Qxb5 33. Bxc8 Rc1+ 34. Kg2 Qc6+ 35. d5 Qxc8 36. Qe4 e5 37. h4 Rc4 38. Rc3 Rxc3 39. bxc3 Qxc3 40. h5 a5 41. h6 Qd2 42. Qa4 Qxd5+ 43.
Kh3 Qf3+ 44. Bg3 f5 45. gxf5 Qxf5+ 46. Kg2 e4 47. Qe8+ Bf8 48. Bxd6 Qg6+ 49. Bg3 a4 50. Qxa4 Bxh6 51. Qe8+ Bf8 52. Kf1 h5 53. Bh4 Kg7 54. Qe5+ Kh7 55. Bf6 Qg4 56. Bg5 Bg7 57. Qe7 Qh3+ 58.
Ke1 Qf3 59. Bd2 Qh1+ 60. Ke2 Qf3+ 61. Ke1 Bd4 62. Qh4 Bf6 63. Qh2 Kg6 64. Qg1+ Kf5 65. Qh2 h4 66. Qd6 h3 67. Qd7+ Kg6 68. Bf4 Qxf4 69.
Qxh3 Bh4 70. Qg2+ Kf5 71. Qh3+ Ke5 72. Qc3+ Kf5 73. Qh3+ Kg6 74. Qg2+ Kh6 75. Ke2 Qxf2+ 76. Qxf2 Bxf2 77. Kxf2 f5 78. Ke3 Kg5 0-1

[Event "*** Titled Tuesday Blitz"]
[Site "Chess.com"]
[Date "2019.02.05"]
[Round "9"]
[White "Samuray111"]
[Black "GataKamsky1974"]
[Result "0-1"]
[WhiteElo "2585"]
[BlackElo "2744"]
[TimeControl "180+2"]
[EndTime "15:16:47 PST"]
[Termination "GataKamsky1974 won by resignation"]

1. Nf3 Nf6 2. b3 g6 3. Bb2 Bg7 4. g3 O-O 5. Bg2 b6 6. d3 Bb7 7. e4 c5 8. O-O d5 9. e5 Ng4 10. h3 Nh6 11. Re1 d4 12. Nbd2 Bd5 13.
a4 Nc6 14. Nc4 Qd7 15. Bc1 Rad8 16. Bf4 Qb7 17. Qd2 Nf5 18. g4 Nb4 19. Qe2 Nh6 20. Nh4 f6 21. exf6 exf6 22. Bxd5+ Qxd5 23. Bxh6 Bxh6 24.
Na3 f5 25. gxf5 Bg5 26. Ng2 Qxf5 27. Qe6+ Kg7 28. Qxf5 Rxf5 29. Re2 Nd5 30. Rae1 Rdf8 31. Nb5 Nc3 32. Nxc3 dxc3 33. Rf1 Rf3 34. h4 Bf6 35. Re4 Bd4 36. Ne3 R3f4 37. Re7+ R8f7 38. Rxf7+ Kxf7 39. Ng2 Rf3 40. Ne1 Rh3 41. Ng2 Rf3 42. Ne1 Rf5 43. Kg2 Re5 44. Kf3 h5 45. Ng2 Rf5+ 46. Kg3 g5 47. f3 Be5+ 48. Kf2 Bd4+ 49. Kg3 Kf6 50. hxg5+ Rxg5+ 51. Kh3 Re5 52. Re1 Rxe1 53. Nxe1 Bf2 54. Ng2 Kf5 55. Kh2 a6 56. Kh3 b5 57.
axb5 axb5 58. Kh2 Ke5 59. Kh3 Kd5 60. Kh2 Ke5 61. Kh3 Kf5 62. Kh2 Kg5 63. Kh3 b4 64. Kh2 h4 65. Kh3 Bg3 66. f4+ Kf5 67. Ne3+ Kxf4 68. Nd5+ Kf3 69. Nf6 Ke2 70. Ne4 Kd1 71. Nxc5 Bf2 72. Na6 Kxc2 73. Nxb4+ Kxb3 74. Nc6 c2 75.
Na5+ Kc3 76. Kg2 Bd4 77. Nb3 Kxb3 0-1

[Event "*** Titled Tuesday Blitz"]
[Site "Chess.com"]
[Date "2019.02.05"]
[Round "9"]
[White "dmosesov"]
[Black "HanSchut"]
[Result "1-0"]
[WhiteElo "2355"]
[BlackElo "2299"]
[TimeControl "180+2"]
[EndTime "15:16:52 PST"]
[Termination "dmosesov won by resignation"]

1. Nf3 c5 2. e4 d6 3. d4 cxd4 4. Nxd4 Nf6 5. Nc3 a6 6. Bg5 e6 7.
f4 Be7 8. Qe2 h6 9. Bxf6 Bxf6 10.
O-O-O Qb6 11. e5 dxe5 12. fxe5 Be7 13. Qg4 g6 14. Bd3 Nc6 15. Nxc6 Qxc6 16. Kb1 h5 17. Qg3 h4 18. Qg4 Rg8 19. Rhf1 Bd7 20. Qf4 Rg7 21. Qh6 Bf8 22. Qxh4 Be7 23. Qh8+ Bf8 24. Be4 Qc7 25. Qh4 Be7 26. Qh6 Bf8 27. Qe3 O-O-O 28. Qa7 Bc5 29. Bxb7+ Qxb7 30. Qxc5+ Kb8 31. Qe7 Rgg8 32.
Rf4 Bc6 33. Rb4 Bb5 34. Qxb7+ Kxb7 35. a4 Kc6 36. axb5+ axb5 37. Rxb5 Rxd1+ 38. Nxd1 Kxb5 39. Ne3 Kc5 40. c3 Rd8 41. Kc2 Ra8 42. b4+ Kc6 43.
Ng4 Ra2+ 44. Kd3 Rxg2 45. Nh6 Rf2 46. c4 Rf3+ 47. Ke4 Rf1 48. h4 Kd7 49. Ng4 Rb1 50. b5 Rg1 51. Nf6+ Ke7 52. b6 Rb1 53. c5 Rb5 54.
Kd4 Rb4+ 55. Kc3 Rb1 56. Kc4 Rc1+ 57. Kb5 Rb1+ 58. Kc6 Kf8 59. b7 Ke7 60. Kc7 Rb5 61.
c6 Rxe5 62. b8=Q Kxf6 63. Qd8+ Kg7 64. Qd4 f6 65. Kb6 Re1 66. c7 Rb1+ 67. Kc6 Rc1+ 68.
Kd7 e5 69. Qd6 e4 70. c8=Q Rxc8 71. Kxc8 f5 72. Qe5+ Kh6 73. Kd7 Kh5 74. Qf6 Kg4 75. Qg5+ Kf3 76. Qxg6 f4 77. Ke6 e3 78. Kf5 e2 79. Qg4+ Kf2 80. Qxf4+ Kg1 81. Qe3+ Kf1 82. Qf3+ Kg1 83. Qxe2 Kh1 1-0

[Event "*** Titled Tuesday Blitz"]
[Site "Chess.com"]
[Date "2019.02.05"]
[Round "9"]
[White "masrahi"]
[Black "King_of_the_wing"]
[Result "0-1"]
[WhiteElo "1845"]
[BlackElo "2186"]
[TimeControl "180+2"]
[EndTime "15:16:52 PST"]
[Termination "King_of_the_wing won on time"]

1. c4 e5 2. Nc3 d6 3. Nf3 f5 4. d4 e4 5. Ng5 Be7 6. h4 h6 7. Nh3 e3 8. Bxe3 Bxh4 9. Nf4 Bf6 10. Ng6 Rh7 11. Bc1 Ne7 12. Nf4 g5 13. Nh5 Bh8 14. e3 Be6 15. b3 c5 16. Bb2 cxd4 17. exd4 Nd7 18. Nb5 Qb6 19. Qd2 a6 20. Na3 O-O-O 21. O-O-O d5 22. c5 Qc7 23. Kb1 Nf6 24. Nxf6 Bxf6 25.
Nc2 f4 26. f3 Bf5 27. Bd3 Qd7 28. Nb4 a5 29. Nc2 Bxd3 30. Qxd3 Nf5 31. Qd2 Ng3 32. Rhe1 Qf5 33. Qxa5 Re7 34. Ka1 Qxc2 35. Qa8+ Kc7 36. Rxe7+ Bxe7 37. Qa5+ Kb8 38. Re1 Ne2 39. Qb6 Rc8 40. Qb5 Bf6 41. Qxe2 Qxe2 42. Rxe2 Rc7 43. Re6 Re7 44. Rxe7 Bxe7 45. Kb1 Kc7 46. Kc2 Kc6 47. Kd3 Bf6 48. Ba3 h5 49. Bc1 Be7 50. Bd2 b6 51. b4 bxc5 52. bxc5 Bd8 53. Be1 g4 54. fxg4 hxg4 55.
g3 f3 56. Ke3 Bg5+ 57. Kd3 Kb5 58. Bd2 f2 59. Ke2 f1=Q+ 60. Kxf1 Bxd2 61. Ke2 Bc3 62. Kd3 Be1 63. Kc2 Bxg3 64. Kd3 Bf4 65. Ke2 Kc6 66.
Kf2 Kb5 67. Kg2 Ka4 68. Kf2 Ka3 69. c6 Kxa2 70. c7 Bxc7 71. Ke3 Kb3 72. Kf2 Kc3 73.
Kg2 Kxd4 74. Kf2 Ke4 0-1

[Event "*** Titled Tuesday Blitz"]
[Site "Chess.com"]
[Date "2019.02.05"]
[Round "9"]
[White "Sebastian"]
[Black "Ali_rastbod"]
[Result "1-0"]
[WhiteElo "2864"]
[BlackElo "2657"]
[TimeControl "180+2"]
[EndTime "15:16:58 PST"]
[Termination "Sebastian won by resignation"]

1. e4 e6 2. d4 d5 3. Nc3 Nc6 4. e5 f6 5. Bb5 Bd7 6. Nf3 Qe7 7. h4 O-O-O 8. Bf4 Kb8 9. Qd2 a6 10. Bd3 fxe5 11. Nxe5 Nxe5 12. Bxe5 Nh6 13. O-O-O Nf7 14. Bg3 Qf6 15. Qe3 g6 16. Rhe1 Bh6 17. f4 Nd6 18. Kb1 Rhf8 19. Rf1 Nf5 20. Bxf5 gxf5 21. Bf2 Rg8 22. g3 Bf8 23. Rh1 Bd6 24. Ne2 Rc8 25. Ng1 Be8 26. Re1 Bd7 27. Nf3 Rcd8 28. Qd2 Bb5 29.
Re3 Qe7 30. Rhe1 Rg6 31. a3 Bd7 32. Qa5 Rg7 33. Rc3 Bb5 34. Rce3 Bd7 35. Qc3 Bb5 36.
Ne5 Ba4 37. Qd2 Bb5 38. Rc1 Qf6 39. Be1 Bf8 40. Qf2 c5 41. Bc3 c4 42. Bb4 Bxb4 43.
axb4 Qf8 44. Qd2 Rd6 45. Rce1 Re7 46. Nf3 Qc8 47. Ng5 Bd7 48. Qc3 h6 49. Nf3 Ka7 50. Qa3 Bb5 51. Ne5 Qc7 52. Ng6 Re8 53. Qc3 Qg7 54.
Ne5 Qc7 55. Kc1 b6 56. Kd2 Kb7 57. Ke2 Rg8 58. Kf2 Qg7 59. Qd2 Qf6 60. Qc3 Re8 61.
Nf3 Rg8 62. Re5 Re8 63. R1e3 Bd7 64. Qe1 Ka7 65. Nd2 Kb7 66. Nb1 b5 67. Nc3 Bc6 68.
Nd1 Kc7 69. Re2 Kb7 70. Ne3 Kc7 71. c3 Rdd8 72. Nxf5 exf5 73. Rxe8 Rxe8 74. Rxe8 Bxe8 75. Qxe8 Kd6 76. Qe5+ 1-0

[Event "*** Titled Tuesday Blitz"]
[Site "Chess.com"]
[Date "2019.02.05"]
[Round "9"]
[White "MehdiHosseinipour"]
[Black "MatthewG-p4p"]
[Result "1-0"]
[WhiteElo "2541"]
[BlackElo "2691"]
[TimeControl "180+2"]
[EndTime "15:17:24 PST"]
[Termination "MehdiHosseinipour won by resignation"]

1. e4 e6 2. d4 d5 3. Nd2 Be7 4. Bd3 c5 5. dxc5 Nf6 6. Qe2 O-O 7. Ngf3 a5 8. O-O Na6 9. exd5 Nxd5 10. Ne4 Nxc5 11. Nxc5 Bxc5 12. Bg5 f6 13. Bd2 Qc7 14. Bc4 Kh8 15. Rad1 Nf4 16. Bxf4 Qxf4 17. Bxe6 Re8 18. Bxc8 Raxc8 19. Qb5 b6 20. Rfe1 Rf8 21. c3 g5 22.
Qe2 Rfe8 23. Qxe8+ Rxe8 24. Rxe8+ Kg7 25. Nd4 Kf7 26.
Ree1 a4 27. a3 h5 28. Re2 h4 29. h3 g4 30. Rde1 gxh3 31. gxh3 Bxd4 32. cxd4 Qxd4 33.
Re7+ Kg6 34. R1e2 Qd1+ 35. Kg2 Qd5+ 36. Kg1 Qf5 37. R7e3 Qb1+ 38. Kg2 Kg5 39. Re4 f5 40. Rd4 Qc1 41. Rd5 Qc6 42. Re5 Qc2 43. Rxf5+ Kg6 44. Rb5 Qe4+ 45. Rf3 Qc6 46. Rb4 Kg5 47. Rg4+ Kh5 48.
Rf4 Qc1 49. Rf5+ Kg6 50. Rf6+ Kg7 51. Rxb6 Qc2 52. Rb4 Kg6 53. Rg4+ Kh5 54. Rb4 Qd1 55. Rff4 Qd5+ 56. Rbe4 Qb7 57. Rxh4+ Kg5 58. Rg4+ Kf5 59. Rf4+ Kg5 60. Kg3 Qxb2 61. Rxa4 Qb3+ 62. Kg2 Qb7+ 63. Rf3 Kh5 64. Rg4 Qd5 65. a4 Qa8 66. Rf4 Qg8+ 67. Kf1 Qa2 68. a5 Qb1+ 69. Kg2 Qg6+ 70.
Rg4 Qa6 71. Ra4 Qg6+ 72. Rg4 Qa6 73. Rf5+ Kh6 74. Rgf4 Qc6+ 75. Kg3 Qc3+ 76. Kg4 Qg7+ 77. Kf3 Qc3+ 78. Kg2 Qc6+ 79. Rf3 Qg6+ 80. Kf1 Qa6+ 81.
Kg2 Qg6+ 82. Kh1 Qh7 83. a6 Qa7 84. Rf6+ Kg5 85. Kg2 Qa8 86. Kg3 Qb8+ 87. R3f4 Qb3+ 88. f3 Qb8 89. a7 Qb1 90. R4f5+ 1-0

[Event "*** Titled Tuesday Blitz"]
[Site "Chess.com"]
[Date "2019.02.05"]
[Round "9"]
[White "Tiqr777"]
[Black "Kurai"]
[Result "1/2-1/2"]
[WhiteElo "2569"]
[BlackElo "2487"]
[TimeControl "180+2"]
[EndTime "15:19:16 PST"]
[Termination "Game drawn by repetition"]

1. c4 e6 2. g3 Nf6 3. Bg2 d5 4. Nc3 Be7 5. d4 O-O 6. Nf3 c6 7. Qb3 b6 8. O-O Bb7 9. cxd5 cxd5 10. Bg5 Nc6 11. Bxf6 Bxf6 12. e3 Na5 13. Qd1 Rc8 14. Rc1 Ba6 15. Re1 Nc4 16. Re2 Qd7 17. Rec2 Be7 18.
Bf1 Bb7 19. Nb1 Nd6 20. Ne5 Qd8 21. Nd2 Rxc2 22. Rxc2 Qa8 23. Bd3 Rc8 24. Kf1 Rxc2 25. Qxc2 g6 26. Qc7 Qd8 27. Qc2 Qc8 28. Ke2 Qxc2 29. Bxc2 f6 30. Nef3 Kf7 31. Bd3 Ke8 32. h4 Kf7 33. g4 Ne4 34. Ne1 Nxd2 35. Kxd2 h6 36. f4 f5 37. g5 hxg5 38. hxg5 Bb4+ 39.
Ke2 Bxe1 40. Kxe1 Ke7 41. Kd2 Kd6 42. Kc3 Kc7 43. Be2 a5 44. Bh5 Ba6 45. Bxg6 Kd6 46.
Bh5 Ke7 47. b3 Bb5 48. Bg6 Ba6 49. Kd2 Bb5 50. Ke1 Kf8 51. a3 Kg7 52. Bh5 Kf8 53.
Kf2 Bd3 54. Be2 Bc2 55. b4 Ba4 56. Kg3 Bd7 57. Kh4 Be8 58. Bh5 Bb5 59. Bf3 Be8 60. Be2 Ba4 61. Ba6 Bd7 62. Bb7 Kg7 63. Ba6 Kf8 64. Kh5 Kg7 65. Bb7 Be8+ 66. Kh4 Bd7 67. Ba8 Kf8 68. bxa5 bxa5 69. Bb7 Kg7 70. Ba6 Kf8 71.
Be2 Kg7 72. Bd1 Bb5 73. Kg3 Be8 74. Kf2 Bd7 75. Ke1 Be8 76. Be2 Bd7 77. Kd2 Be8 78.
Kc3 Bd7 79. Kb3 Be8 80. a4 Kf8 81. Bb5 Bh5 82. Bd7 Ke7 83. Bc8 Bg6 84. Kc3 Bh5 85. Kd2 Bg6 86. Ke1 Bh5 87. Kf2 Be8 88. Ke2 Bxa4 89. g6 Be8 90. g7 Bf7 91. Kd2 Kf6 92.
Kc3 Kxg7 93. Kb3 Kf6 94. Ka4 Ke7 95. Kxa5 Kd6 96. Kb6 Bh5 97. Ba6 Bf3 98. Bf1 Bh5 99.
Kb7 Be8 100. Kc8 Bd7+ 101. Kd8 Ba4 102. Be2 Bc6 103. Bh5 Ba4 104. Bf3 Bb5 105. Bh5 Ba4 106. Bg6 Bb5 107. Bf7 Ba4 108. Bh5 Bb5 109. Bd1 Bc6 110. Be2 Ba4 111. Bh5 Bb5 112. Be8 Be2 113. Ba4 Bh5 114. Bb3 Bg6 115. Ba4 Bh5 116. Be8 Be2 117. Bd7 Bh5 118. Be8 Be2 119. Bf7 Bb5 120. Bh5 Ba4 1/2-1/2

[Event "*** Titled Tuesday Blitz"]
[Site "Chess.com"]
[Date "2019.02.05"]
[Round "10"]
[White "GremioPrudente"]
[Black "salomez"]
[Result "1/2-1/2"]
[WhiteElo "2057"]
[BlackElo "2112"]
[TimeControl "180+2"]
[EndTime "15:21:23 PST"]
[Termination "Game drawn by agreement"]

1. Nf3 Nf6 2. d4 g6 3. Bg5 Bg7 4. Nbd2 O-O 5. c3 d5 6. Bxf6 Bxf6 7. e4 dxe4 8. Nxe4 Bg7 9. Bd3 b6 10. Qe2 Bb7 11. Rd1 Nd7 12. O-O Nf6 13. Nxf6+ Bxf6 14. Be4 Qc8 15. Rfe1 e6 16. Bxb7 Qxb7 17. Qe4 1/2-1/2

[Event "*** Titled Tuesday Blitz"]
[Site "Chess.com"]
[Date "2019.02.05"]
[Round "10"]
[White "Didici"]
[Black "champ2005"]
[Result "0-1"]
[WhiteElo "2580"]
[BlackElo "2613"]
[TimeControl "180+2"]
[EndTime "15:21:46 PST"]
[Termination "champ2005 won by resignation"]

1. d4 Nf6 2. c4 g6 3. Nf3 Bg7 4. g3 O-O 5. Bg2 c5 6. O-O cxd4 7. Nxd4 Nc6 8. Nc3 Qa5 9. Nb3 Qh5 10. c5 a5 11. Na4 d6 12. cxd6 Rd8 13. Nb6 Rxd6 14. Qe1 Rb8 15. Nxc8 Rxc8 16. h3 a4 17. Nd2 Nd4 18.
g4 Qb5 19. Nf3 Nc2 0-1

[Event "*** Titled Tuesday Blitz"]
[Site "Chess.com"]
[Date "2019.02.05"]
[Round "10"]
[White "Kawhi_Leonard2"]
[Black "Babas"]
[Result "0-1"]
[WhiteElo "2214"]
[BlackElo "2334"]
[TimeControl "180+2"]
[EndTime "15:21:52 PST"]
[Termination "Babas won by resignation"]

1. e4 e5 2. Nf3 Nc6 3. Bb5 a6 4. Bxc6 dxc6 5. O-O Bg4 6. h3 h5 7. d3 Qf6 8. Be3 Ne7 9. Nbd2 Ng6 10. hxg4 hxg4 11.
Ng5 Nf4 12. Qxg4 Qxg5 0-1

[Event "*** Titled Tuesday Blitz"]
[Site "Chess.com"]
[Date "2019.02.05"]
[Round "10"]
[White "Grischuk"]
[Black "Genghis_K"]
[Result "1/2-1/2"]
[WhiteElo "3062"]
[BlackElo "2852"]
[TimeControl "180+2"]
[EndTime "15:21:53 PST"]
[Termination "Game drawn by agreement"]

1. e4 c5 2. Nf3 d6 3. Bb5+ Nd7 4. O-O a6 5. Bd3 Ngf6 6. Re1 e6 7. c3 b5 8. Bc2 c4 9. a4 Bb7 10. axb5 axb5 11.
Rxa8 Qxa8 12. Na3 Bxe4 13. Bxe4 Nxe4 14. d3 cxd3 15. Nxb5 Qb7 16. Qxd3 d5 1/2-1/2

[Event "*** Titled Tuesday Blitz"]
[Site "Chess.com"]
[Date "2019.02.05"]
[Round "10"]
[White "Caisachess"]
[Black "MFguimaraes"]
[Result "0-1"]
[WhiteElo "2337"]
[BlackElo "2297"]
[TimeControl "180+2"]
[EndTime "15:22:10 PST"]
[Termination "MFguimaraes won by resignation"]

1. e4 e5 2. Nf3 Nc6 3. Nc3 Nf6 4. d4 exd4 5. Nd5 Be7 6. Nxe7 Qxe7 7. Bg5 Qxe4+ 8.
Be2 O-O 9. Bxf6 gxf6 10. O-O d5 11. Bd3 Qf4 12. Re1 Bg4 13. Be2 Bxf3 14. Bxf3 Rad8 15.
Qd3 Ne5 16. Qe2 Nxf3+ 17. Qxf3 Qxf3 18. gxf3 Rfe8 19. Rad1 c5 20. Kg2 Kf8 21. Kg3 Rxe1 22. Rxe1 Re8 0-1

[Event "*** Titled Tuesday Blitz"]
[Site "Chess.com"]
[Date "2019.02.05"]
[Round "10"]
[White "FMJoseHerrera"]
[Black "Bayernbk"]
[Result "1-0"]
[WhiteElo "2572"]
[BlackElo "2442"]
[TimeControl "180+2"]
[EndTime "15:23:04 PST"]
[Termination "FMJoseHerrera won by resignation"]

1. Nf3 Nf6 2. g3 e6 3. Bg2 d5 4. O-O Be7 5. c3 O-O 6. d3 b6 7. a3 Bb7 8. b4 a5 9. b5 c6 10.
bxc6 Nxc6 11. Nbd2 e5 12. c4 e4 13. Ne1 exd3 14. Nxd3 Qd7 15. Rb1 Nd4 16. Rxb6 Qc7 17. Rb1 dxc4 18. Rxb7 cxd3 19. Rxc7 dxe2 20. Qa4 1-0

[Event "*** Titled Tuesday Blitz"]
[Site "Chess.com"]
[Date "2019.02.05"]
[Round "10"]
[White "chesstatour"]
[Black "JoachimMouhamad"]
[Result "1-0"]
[WhiteElo "2016"]
[BlackElo "2264"]
[TimeControl "180+2"]
[EndTime "15:23:18 PST"]
[Termination "chesstatour won by resignation"]

1. c4 c5 2. Nf3 Nc6 3. d4 cxd4 4. Nxd4 g6 5. Nc3 Bg7 6. Nc2 Nf6 7. g3 O-O 8. Bg2 d6 9. O-O Be6 10. b3 d5 11. cxd5 Nxd5 12. Nxd5 Bxa1 13. Nxa1 Rc8 14. Nf4 Qxd1 15. Rxd1 Rfd8 16. Re1 Bf5 17. e4 Bg4 18. Nd5 Ne5 19. Nxe7+ 1-0

[Event "*** Titled Tuesday Blitz"]
[Site "Chess.com"]
[Date "2019.02.05"]
[Round "10"]
[White "fm_magua"]
[Black "evgenysharapov"]
[Result "0-1"]
[WhiteElo "2407"]
[BlackElo "2348"]
[TimeControl "180+2"]
[EndTime "15:23:53 PST"]
[Termination "evgenysharapov won by resignation"]

1. e4 c5 2. Nf3 d6 3. d4 cxd4 4. Nxd4 Nf6 5. Nc3 Nc6 6. Bc4 Qb6 7. Nde2 e6 8. O-O Be7 9. Bb3 O-O 10. Kh1 a6 11. Bg5 Qc7 12. f4 b5 13. Ng3 Na5 14. Bxf6 Bxf6 15. e5 dxe5 16. Nce4 Be7 17. Qh5 Nxb3 18.
axb3 exf4 19. Ne2 g6 20. Qh6 Bb7 21. Ng5 Bxg5 22. Qxg5 e5 23. c3 f6 24. Qh4 g5 25.
Qh5 Qf7 26. Qg4 h5 27. Qf5 Rad8 28. Rad1 Kg7 29. h4 gxh4 30. Qh3 Qg6 31. Kh2 Qg4 32.
Rxd8 0-1

[Event "*** Titled Tuesday Blitz"]
[Site "Chess.com"]
[Date "2019.02.05"]
[Round "10"]
[White "josmito10"]
[Black "ChristopherYoo"]
[Result "1-0"]
[WhiteElo "2749"]
[BlackElo "2669"]
[TimeControl "180+2"]
[EndTime "15:24:00 PST"]
[Termination "josmito10 won by resignation"]

1. d4 Nf6 2. c4 g6 3. Nc3 d5 4.
Bg5 Ne4 5. Bh4 Nxc3 6. bxc3 dxc4 7. e3 Be6 8. Be2 Bg7 9. Nh3 Nd7 10. Nf4 Bf5 11.
Bxc4 h6 12. g4 Be4 13. f3 Bc6 14. Bxf7+ Kxf7 15. Qb3+ Ke8 16. Ne6 Qb8 17. Nxg7+ Kd8 18. Ne6+ Kc8 19. d5 Ne5 20. Bg3 Nxf3+ 21. Ke2 Bd7 22.
Kxf3 Bxe6 23. dxe6 b5 24. Qd5 Qb6 1-0

[Event "*** Titled Tuesday Blitz"]
[Site "Chess.com"]
[Date "2019.02.05"]
[Round "10"]
[White "Anar_Aliakbarov"]
[Black "Ekko_li"]
[Result "1-0"]
[WhiteElo "2454"]
[BlackElo "2456"]
[TimeControl "180+2"]
[EndTime "15:24:19 PST"]
[Termination "Anar_Aliakbarov won by resignation"]

1. d4 Nf6 2. c4 c5 3. d5 d6 4. Nc3 g6 5. e4 Bg7 6. Nf3 O-O 7. Be2 a6 8. O-O Bg4 9. a4 Nbd7 10. h3 Bxf3 11. Bxf3 Ne8 12. Be2 Nc7 13. Be3 a5 14. f4 Na6 15. Qd2 Nb4 16. Rae1 b6 17. Bg4 Nf6 18.
Bf3 Nd7 19. Nb5 Rc8 20. b3 Ra8 21. Qd1 Rc8 22. Bf2 Ra8 23. Qd2 Rc8 24. Bg3 Ra8 25. e5 Nb8 26. exd6 exd6 27. f5 Nd7 28. Bxd6 Re8 29. Rxe8+ Qxe8 30. Nc7 Bd4+ 31. Kh1 Qb8 32. fxg6 hxg6 33. Bg4 Nf6 34. Nxa8 Qxd6 35. Qf4 Qd8 36. Nc7 Nd3 37. Qg3 Be5 38. Qxd3 1-0

[Event "*** Titled Tuesday Blitz"]
[Site "Chess.com"]
[Date "2019.02.05"]
[Round "10"]
[White "psychokiller48"]
[Black "Naruto-K"]
[Result "1-0"]
[WhiteElo "2618"]
[BlackElo "2364"]
[TimeControl "180+2"]
[EndTime "15:24:30 PST"]
[Termination "psychokiller48 won by resignation"]

1. e4 e6 2. d4 d5 3. exd5 exd5 4. Bf4 Nf6 5. Qd2 Bd6 6. Nc3 Qe7+ 7. Nge2 O-O 8. f3 Bf5 9. O-O-O Nbd7 10. g4 Bg6 11. h4 h6 12. h5 Bh7 13. g5 Bxf4 14. Qxf4 hxg5 15. Qxg5 c6 16. Rg1 g6 17. Nf4 Qe3+ 18.
Kb1 Kh8 19. hxg6 1-0